cohdb
Replays
Latest Replays
All Replays
Popular Replays
Top Player Replays
Match Explorer
How It Works
Community
CoH3 Stats
Reddit
Sign in to upload your games and track your stats! →
Sign in with Steam
Match 44747255
Unlisted
Match 44747255
Overview
Messages
Build Orders
End
Panzerpioneer Squad
Selects Battlefield Espionage Battlegroup
Kradschützen Motorcycle Team
Panzerpioneer Squad
Panzerpioneer Squad
Construct Light Support Kompanie
2.5-tonne Medical Truck
Combat Half-tracks
Selects Intel Disruption Beacon
Panzerjäger Mechanized Group
Construct Mechanized Kompanie
Selects Transfer Depots
Construct Panzerarmee Kommand
Vehicle Survival Package
Panzer III L Medium Tank
Rapid Advance
Emergency Repair Kits
Selects Disruption Operation
Selects 250/3 Funkpanzerwagen
Panzer III L Medium Tank
Panzer III L Medium Tank
Selects Anti-Tank Incendiary Munitions
Tungsten Core Ammunition
Panzer III L Medium Tank
smin2017
foxmagician
anterasia
卡网
Arges
Serial Chiller
Omar Kamel Rock
digitalcortex
0
0
Comments
sign in to comment!
No comments posted yet!